 Dungeon Crawl Stone Soup version 0.31-a0-233-g139696dc86 (webtiles) character file.

Game seed: 14927440644744781392

46 qw the Shooter (level 3, -8/29 HPs)
             Began as a Minotaur Hexslinger on July 8, 2023.
             Killed by nerve-wracking pain
             ... invoked by Grinder
              (11 damage)
             ... on level 3 of the Dungeon.
             The game lasted 00:00:43 (2047 turns).

qw the Shooter (Minotaur Hexslinger)                Turns: 2047, Time: 00:00:43

Health: -8/29      AC:  6    Str: 11 (12) XL:     3   Next: 44%
Magic:  3/3        EV: 11    Int:  7 (10) God:
Gold:   168        SH:  0    Dex: 17 (20) Spells: 3/4 levels left

rFire   . . .        Y - +1 sling
rCold   . . .        (no shield)
rNeg    . . .        d - +0 ring mail
rPois   .            (helmet restricted)
rElec   .            (no cloak)
rCorr   .            (no gloves)
SInv    +            l - +0 pair of boots
Will    .....        i - amulet of faith
Stlth   +            b - +6 ring of dexterity
HPRegen 0.24/turn    k - ring of see invisible
MPRegen 0.08/turn

%: faith
@: about to teleport
A: horns 2, retaliatory headbutt
a: no special abilities


You were on level 3 of the Dungeon.
You visited 1 branch of the dungeon, and saw 3 of its levels.

You collected 168 gold pieces.


Innate Abilities, Weirdness & Mutations

You have a pair of horns on your head.
You reflexively headbutt those who attack you in melee.


   Skills:
 - Level 2.0 Fighting
 - Level 4.0 Ranged Weapons
 + Level 0.4 Armour
 - Level 2.1 Dodging
 - Level 1.0 Spellcasting
 - Level 2.0 Hexes


You had 3 spell levels left.
You knew the following spells:

 Your Spells              Type           Power      Damage    Failure   Level
a - Slow                  Hex            12%        N/A       41%         1

Your spell library contained the following spells:

 Spells                   Type           Power      Damage    Failure   Level
 Inner Flame              Hex/Fire       1%         N/A       90%         3
 Portal Projectile        Hex/Tloc       2%         N/A       90%         3
 Cause Fear               Hex            1%         N/A       99%         4

Inventory:

Hand Weapons
 Y - a +1 sling (weapon)
Armour
 d - a +0 ring mail (worn)
 l - a +0 pair of boots (worn)
Jewellery
 a - a ring of protection from cold
 b - a +6 ring of dexterity (left hand)
 i - an amulet of faith (around neck)
 k - a ring of see invisible (right hand)
Scrolls
 o - a scroll of identify
Potions
 c - a potion of brilliance {unknown}
 e - a potion of heal wounds
 g - a potion of magic {unknown}
 h - a potion of enlightenment
 j - a potion of curing
 m - a potion of haste {unknown}
 n - a potion of mutation {unknown}

Dungeon Overview and Level Annotations

Branches:
Dungeon (3/15)

Altars:

Shops:
D:3 (:

Annotations:
D:3 Grinder


Message History

Grinder is lightly wounded.
You shoot a sling bullet. The sling bullet hits Grinder.
Grinder is lightly wounded.
Grinder barely misses you. You furiously retaliate!
You headbutt Grinder. Grinder closely misses you. You furiously retaliate!
You headbutt Grinder! You shoot a sling bullet.
The sling bullet hits Grinder but does no damage.
Grinder is heavily wounded.
Grinder closely misses you.
You shoot a sling bullet.
The sling bullet closely misses Grinder.
Grinder blinks!
You shoot a sling bullet. The sling bullet barely misses Grinder.
Grinder blinks!
You shoot a sling bullet.
The sling bullet hits Grinder but does no damage.
Grinder is heavily wounded.
Grinder gestures at you. You resist with significant effort.
You shoot a sling bullet.
The sling bullet closely misses Grinder.
You shoot a sling bullet. The sling bullet hits Grinder.
Grinder is severely wounded.
Grinder says, "My boss said I was rubbish.
His entrails said otherwise."
You shoot a sling bullet. The sling bullet hits Grinder!
Grinder is almost dead.
Grinder hits you.
You writhe in agony.
You shoot a sling bullet. The sling bullet barely misses Grinder.
Grinder closely misses you. You furiously retaliate!
You headbutt Grinder, but do no damage. You shoot a sling bullet.
The sling bullet barely misses Grinder.
Grinder hits you.
You writhe in agony.
You shoot a sling bullet. The sling bullet barely misses Grinder.
Grinder barely misses you. Grinder hits you.
You writhe in agony.
2047 ||| READING scroll of teleportation.
As you read the scroll of teleportation, it crumbles to dust.
You feel strangely unstable. Grinder gestures at you.
Pain shoots through your body!
You die...

### ..# . .#. ##.#
.. ..####..#
##.#.......####
.....#.........
...........>#
#....5.....######.#
#.@............ ##
#)##.#.######## #.
#. #.#.# #. #.
#.#.# ####.# #.
#.#.# .....# #.
..#.# .... ## ###.#
#)## # #####.####.#
#..##.#
#..\.......#


You could see Grinder.

Vanquished Creatures
  A worm (D:2)
  5 ball pythons
  3 bats (D:2)
  3 endoplasms
  6 giant cockroaches
  6 goblins
  2 hobgoblins
  A jackal (D:2)
  2 quokkas (D:1)
  3 frilled lizards (D:1)
  2 kobolds
  3 rats
37 creatures vanquished.

Notes
Turn   | Place    | Note
-------+----------+-------------------------------------------
     0 | D:1      | qw the Minotaur Hexslinger began the quest for the Orb.
     0 | D:1      | Reached XP level 1. HP: 16/16 MP: 1/1
     0 | D:1      | 0 ||| qw: Version: 0.3-a-46-gb1f654a
     0 | D:1      | 0 ||| qw: Game counter: 3409
     0 | D:1      | 0 ||| qw: Melee chars always use a shield: true
     0 | D:1      | 0 ||| qw: God list: Okawaru
     0 | D:1      | 0 ||| qw: Allow faded altars: false
     0 | D:1      | 0 ||| qw: Do Orc after clearing Dungeon:15 true
     0 | D:1      | 0 ||| qw: Do second Lair branch before Depths: true
     0 | D:1      | 0 ||| qw: Lair rune preference: random
     0 | D:1      | 0 ||| qw: Goals: Normal
     0 | D:1      | 0 ||| PLANNING D:1-11
   270 | D:1      | Reached skill level 3 in Ranged Weapons
   270 | D:1      | Reached XP level 2. HP: 23/23 MP: 2/2
   851 | D:1      | 851 ||| UPGRADING to +0 ring mail.
   861 | D:1      | 861 ||| DROPPING +0 robe.
   862 | D:1      | 862 ||| UPGRADING to amulet of faith.
   867 | D:1      | 867 ||| UPGRADING to ring of see invisible.
   868 | D:1      | 868 ||| UPGRADING to ring of protection from cold.
   869 | D:1      | 869 ||| READING scroll labelled SIOLYE QEROKHLU.
   970 | D:1      | 970 ||| READING scroll labelled RYBLAO FILA.
   971 | D:1      | 971 ||| READING scroll labelled XYNKAPRATZ.
   976 | D:1      | 976 ||| READING scroll labelled HICZOASTET.
   977 | D:1      | 977 ||| DROPPING scroll of poison.
  1132 | D:2      | Reached XP level 3. HP: 17/29 MP: 3/3
  1293 | D:2      | 1293 ||| STAIRDANCE
  1326 | D:1      | 1326 ||| UPGRADING to +0 pair of boots.
  1331 | D:1      | 1331 ||| UPGRADING to +6 ring of dexterity.
  1333 | D:1      | 1333 ||| UPGRADING to ring of see invisible.
  1335 | D:1      | 1335 ||| READING scroll labelled JUGHILEMOMM.
  1336 | D:1      | 1336 ||| READING scroll labelled XAONECRATY.
  1337 | D:1      | 1337 ||| READING scroll labelled ITEOMEM YLLI.
  1338 | D:1      | 1338 ||| DRINKING 2 bubbling inky potions.
  1339 | D:1      | 1339 ||| DRINKING 2 red potions.
  1573 | D:2      | Reached skill level 4 in Ranged Weapons
  1911 | D:2      | 1911 ||| DRINKING 2 sedimented puce potions.
  1912 | D:2      | 1912 ||| DRINKING 2 purple potions.
  1913 | D:2      | 1913 ||| DROPPING potion of degeneration.
  1945 | D:3      | Found Hias's Antique Weapon Emporium.
  1954 | D:3      | 1954 ||| FLEEEEING.
  1955 | D:3      | 1955 ||| FLEEEEING.
  1956 | D:3      | 1956 ||| FLEEEEING.
  1958 | D:3      | 1958 ||| STAIRDANCE
  1981 | D:3      | 1981 ||| SHOPLISTING ebony sling (195 gold, have 125).
  1981 | D:3      | 1981 ||| SHOPLISTING glowing sling (135 gold, have 125).
  2003 | D:3      | Found Pojuis's Book Emporium.
  2026 | D:3      | Noticed Grinder
  2028 | D:3      | Paralysed by Grinder for 5 turns
  2046 | D:3      | HP: 3/29 [Grinder (5)]
  2047 | D:3      | 2047 ||| READING scroll of teleportation.
  2047 | D:3      | Killed from afar by Grinder

Levels and vault maps discovered:
D:1:      erik_arrival_cave_to_civilisation [erik_arrival_cave_to_hall],
          layout_basic
D:2:      layout_loops_ring, grunt_decor_resistance,
          minmay_randomly_rotated_circles
D:3:      layout_basic, serial_shops, shop, shop, shop,
          nicolae_shop_behind_doors, shop, uniq_grinder

Skill      XL: |  1  2  3 |
---------------+----------+-----
Ranged Weapons | 3 4 |  4.0
Fighting       | 2 |  2.0
Armour         | |  0.4
Dodging        | |  2.1
Spellcasting   | |  1.0
Hexes          | |  2.0

Action                     || total
---------------------------++-------
   Fire: Sling             ||   125
    Use: Scroll            ||     8
         Potion            ||     4
 Armour: Ring mail         ||    20
  Dodge: Dodged            ||    55

Table legend:
 A = Non-vault XP
 B = Vault XP
 C = Vault XP percentage of total XP
 D = Non-vault monster count
 E = Vault monster count
 F = Vault count percentage of total count
                 A         B        C        D         E       F
            +---------+---------+-------+---------+---------+-------
      Total |      53 |      13 |  19.7 |      29 |       8 |  21.6
            +---------+---------+-------+---------+---------+-------
        D:1 |      25 |       4 |  13.8 |      15 |       2 |  11.8
        D:2 |      24 |       9 |  27.3 |      12 |       6 |  33.3
        D:3 |       4 |       0 |   0.0 |       2 |       0 |   0.0
            +---------+---------+-------+---------+---------+-------
